 Dungeon Crawl Stone Soup version 0.32-a0-643-ga006e7742e (webtiles) character file.

Game seed: 5943551235346316579

286 Atlas the Firebug (level 6, -2/41 HPs)
             Began as a Demonspawn Fire Elementalist on Mar 8, 2024.
             Slain by an orc
             ... wielding a +0 club
              (4 damage)
             ... on level 4 of the Dungeon.
             The game lasted 00:04:19 (4011 turns).

Atlas the Firebug (Demonspawn Fire Elementalist)    Turns: 4011, Time: 00:04:19

Health: -2/41      AC:  5    Str:  8    XL:     6   Next: 8%
Magic:  11/11      EV: 12    Int: 17    God:
Gold:   196        SH:  0    Dex: 18    Spells: 8/11 levels left

rFire   . . .        f - +2 war axe (drain)
rCold   + . .        (no shield)
rNeg    . . .        g - +1 leather armour {rC+}
rPois   .            (helmet restricted)
rElec   .            (no cloak)
rCorr   .            k - +0 pair of gloves
SInv    .            (no boots)
Will    .....        e - amulet of regeneration
Stlth   ++++         (no ring)
HPRegen 1.06/turn    (no ring)
MPRegen 0.12/turn

%: no passive effects
@: lethally poisoned (-2 -> -7)
A: horns 1, thin skeletal structure 2, powered by pain 1
a: no special abilities


You were on level 4 of the Dungeon.
You visited 1 branch of the dungeon, and saw 4 of its levels.

You collected 196 gold pieces.

Inventory:

Hand Weapons
 f - a +2 war axe of draining (weapon)
Armour
 g - a +1 leather armour of cold resistance (worn)
 k - a +0 pair of gloves (worn)
Jewellery
 e - an amulet of regeneration (around neck)
Scrolls
 a - 4 scrolls of identify {unknown}
 c - 2 scrolls of blinking {unknown}
 h - 2 scrolls of teleportation {unknown}
 j - a scroll of enchant armour {unknown}
Potions
 b - 2 potions of magic
 d - a potion of invisibility {unknown}
 i - a potion of haste {unknown}
 l - 2 potions of degeneration {unknown}
 m - a potion of berserk rage {unknown}


   Skills:
 + Level 0.1 Fighting
 + Level 1.0 Axes
 + Level 2.0 Armour
 + Level 2.3 Dodging
 + Level 1.9 Stealth
 + Level 0.3 Unarmed Combat
 + Level 3.4 Spellcasting
 + Level 1.5 Conjurations
 + Level 4.1 Fire Magic


You had 8 spell levels left.
You knew the following spells:

 Your Spells              Type           Power      Damage    Failure   Level
a - Scorch                Fire           34%        2d6       6%          2
b - Foxfire               Conj/Fire      48%        2x1d6     8%          1

Your spell library contained the following spells:

 Spells                   Type           Power      Damage    Failure   Level
 Inner Flame              Hex/Fire       10%        N/A       30%         3
 Volatile Blastmotes      Fire/Tloc      20%        2d11      30%         3
 Flame Wave               Conj/Fire      12%        2d6       58%         4


Dungeon Overview and Level Annotations

Branches:
Dungeon (4/15)             Temple (0/1) D:4

Altars:
Okawaru


Innate Abilities, Weirdness & Mutations

You have a pair of small horns on your head.
You have a moderately thin skeletal structure. (Dex +4, Stealth++)
You sometimes gain a little power by taking damage.


Message History

The sleepcap releases spores at you but does no damage.
The kobold hits you but does no damage.
You are poisoned.
The sleepcap releases spores at you but does no damage.
The orc completely misses you.
You feel very sick. The hobgoblin hits you.
You wake up.
The kobold completely misses you.
The sleepcap releases spores at you but does no damage.
The orc hits you with a +0 club.
There are no items here.
Unknown command.
There are no items here.
Unknown command.
There are no items here.
There are no items here.
You feel sick. The kobold hits you but does no damage.
You are more poisoned.
The sleepcap barely misses you. The orc barely misses you.
The hobgoblin closely misses you.
You feel very sick. The kobold hits you but does no damage.
You are more poisoned.
The sleepcap closely misses you. The orc hits you with a +0 club.
The hobgoblin hits you but does no damage.
You feel very sick. The hobgoblin barely misses you.
The kobold hits you with a +0 dagger of venom.
The sleepcap releases spores at you!
* * * LOW HITPOINT WARNING * * *
The orc closely misses you.
* * * LOW HITPOINT WARNING * * *
You feel very sick. The kobold hits you but does no damage.
The sleepcap closely misses you. The hobgoblin closely misses you.
The orc misses you.
* * * LOW HITPOINT WARNING * * *
You feel very sick. The kobold barely misses you.
The sleepcap barely misses you.
The hobgoblin hits you but does no damage.
The orc hits you with a +0 club.
You die...

#.##.#.##
########.####.#
#########.............#
........#.# ##....$<##
........#.# #..#.####
........#.####.##.#
....>...#.........#
......gK..##...####
......f@o....###
........#...##
........#...#
#########.>.# #..##
#..# #..# ##..


You could see a sleepcap, an orc, a hobgoblin and a kobold.

Vanquished Creatures
  A bombardier beetle (D:4)
  A hound (D:4)
  An orc priest (D:2)
  Terence (D:2)
  An iguana (D:4)
  5 adders
  3 dart slugs
  5 ribbon worms
  4 orcs (D:2)
  3 ball pythons
  3 endoplasms
  5 giant cockroaches
  10 goblins
  9 hobgoblins
  8 jackals
  8 kobolds
  5 bats
  5 frilled lizards
  3 rats
81 creatures vanquished.

Vanquished Creatures (others)
  212 foxfires
212 creatures vanquished.

Grand Total: 293 creatures vanquished

Notes
Turn   | Place    | Note
-------+----------+-------------------------------------------
     0 | D:1      | Atlas the Demonspawn Fire Elementalist began the quest for
                  | the Orb.
     0 | D:1      | Reached XP level 1. HP: 13/13 MP: 3/3
   228 | D:1      | Found a faded altar of an unknown god.
   282 | D:1      | Reached skill level 3 in Fire Magic
   282 | D:1      | Gained mutation: You sometimes gain a little power by
                  | taking damage. [demonic ancestry]
   282 | D:1      | Reached XP level 2. HP: 17/19 MP: 0/5
   800 | D:1      | Learned a level 2 spell: Scorch
  1025 | D:1      | Gained mutation: You have a somewhat thin skeletal
                  | structure. (Dex +2, Stealth+) [demonic ancestry]
  1025 | D:1      | Reached XP level 3. HP: 24/24 MP: 3/6
  1570 | D:2      | Reached XP level 4. HP: 30/30 MP: 1/8
  1663 | D:2      | Noticed Terence
  1677 | D:2      | Killed Terence
  1678 | D:2      | Reached skill level 1 in Armour
  2373 | D:2      | Gained mutation: You have a moderately thin skeletal
                  | structure. (Dex +4, Stealth++) [demonic ancestry]
  2373 | D:2      | Reached XP level 5. HP: 35/35 MP: 0/9
  3579 | D:3      | Found an iron altar of Okawaru.
  3657 | D:4      | Reached skill level 4 in Fire Magic
  3877 | D:4      | Found a staircase to the Ecumenical Temple.
  3886 | D:4      | Reached skill level 1 in Axes
  3886 | D:4      | Gained mutation: You have a pair of small horns on your
                  | head. [demonic ancestry]
  3886 | D:4      | Reached XP level 6. HP: 41/41 MP: 3/11
  4011 | D:4      | HP: 2/41 [poisoned by a kobold]
  4011 | D:4      | Slain by an orc

Illustrated notes

Levels and vault maps discovered:
D:1:      roadster_arrival_rocket_large, layout_basic,
          nicolae_ecumenical_lake_church
D:2:      cheibrodos_greedy_goblins, layout_basic, grunt_decor_one_mirror,
          uniq_terence
D:3:      layout_basic, kennysheep_okawaru_gauntlet, nrook_mini_vaults
D:4:      layout_basic, temple_hall

Skill      XL: |  1  2  3  4  5 |
---------------+----------------+-----
Fire Magic     | 3 4 |  4.1
Dodging        | 2 |  2.3
Armour         | 1 2 |  2.0
Spellcasting   | 3 |  3.4
Axes           | 1 |  1.0
Fighting       | |  0.1
Stealth        | |  1.9
Unarmed Combat | |  0.3
Conjurations   | |  1.5

Action                     |  1- 3 |  4- 6 || total
---------------------------+-------+-------++-------
  Melee: Unarmed           |    23 |       ||    23
         War axe           |     7 |    32 ||    39
   Cast: Foxfire           |    59 |    55 ||   114
         Scorch            |     8 |    30 ||    38
 Armour: Leather armour    |    49 |    52 ||   101
  Dodge: Dodged            |    35 |    53 ||    88

Table legend: (Time is in decaauts)
 A = Elapsed time spent in this place.
 B = Non-inter-level travel time spent in this place.
 C = Inter-level travel time spent in this place.
 D = Time resting spent in this place.
 E = Time spent auto-exploring this place.
 F = Levels seen in this place.
 G = Mean time per level.
                   A        B        C        D        E       F      G
               +--------+--------+--------+--------+--------+-----+--------+
         Total |   4035 |   4018 |     17 |     10 |   3377 |   4 | 1008.8 |
       Dungeon |   4035 |   4018 |     17 |     10 |   3377 |   4 | 1008.8 |
               +--------+--------+--------+--------+--------+-----+--------+

Top non-repeatable levels by time:
     D:2: 1334 daAuts
     D:1: 1279 daAuts
     D:3: 1045 daAuts
     D:4: 375 daAuts
